 Dungeon Crawl Stone Soup version 0.26-a0-163-g6c8a0bf695 (webtiles) character file.

Game seed: 10012455825840259490

186 BritishOli the Slasher (level 5, 0/42 HPs)
             Began as a Demonspawn Monk on July 3, 2020.
             Slain by an elf zombie (3 damage)
             ... in an ossuary.
             The game lasted 00:05:31 (2211 turns).

BritishOli the Slasher (Demonspawn Monk)            Turns: 2211, Time: 00:05:31

Health: 0/42       AC:  6    Str: 13    XL:     5   Next: 38%
Magic:  5/5        EV: 14    Int: 11    God:
Gold:   57         SH:  0    Dex: 15    Spells: 4/4 levels left

rFire    . . .     SeeInvis .   a - +1 falchion
rCold    + . .     Faith    .   (no shield)
rNeg     . . .     Spirit   .   b - +1 robe
rPois    .         Reflect  .   (helmet restricted)
rElec    .         Harm     .   (no cloak)
rCorr    .                      (no gloves)
MR       .....                  (no boots)
Stlth    ++........             (no amulet)
HPRegen  0.14/turn              (no ring)
MPRegen  0.09/turn              (no ring)

@: fainting
A: antennae 1, thin metallic scales 2, cold resistance 1
a: no special abilities


You were in an ossuary.
You were fainting.

You visited 1 branch of the dungeon, and saw 4 of its levels.
You also visited: Ossuary.

You collected 57 gold pieces.

Inventory:

Hand Weapons
 a - a +1 falchion (weapon)
Armour
 b - a +1 robe (worn)
Scrolls
 d - 3 scrolls of remove curse
 e - a scroll of blinking {unknown}
 f - 2 scrolls of identify
Potions
 j - a potion of stabbing
Comestibles
 c - 4 rations


   Skills:
 + Level 3.7 Fighting
 * Level 4.0 Long Blades
 + Level 1.7 Armour
 + Level 3.4 Dodging
 - Level 2.0 Stealth


You had 4 spell levels left.
You didn't know any spells.
Your spell library was empty.

Dungeon Overview and Level Annotations

Branches:
Dungeon (6/15)            Ossuary (1/1)
 Temple: D:4-7

Altars:
Uskayaw

Shops:
D:4 [

Annotations:
D:6 Pikel


Innate Abilities, Weirdness & Mutations

You have a pair of small antennae on your head.
You are mostly covered in thin metallic scales. (AC +3)
Your flesh is cold resistant. (rC+)


Message History

* * * LOW HITPOINT WARNING * * *
You closely miss the elf zombie.
The elf zombie is heavily damaged.
You barely miss the elf zombie.
The elf zombie is heavily damaged.
The elf zombie hits you.
* * * LOW HITPOINT WARNING * * *
You hit the elf zombie.
The elf zombie is heavily damaged.
The elf zombie hits you.
* * * LOW HITPOINT WARNING * * *
You hit the elf zombie.
The elf zombie is severely damaged.
The elf zombie closely misses you.
You riposte.
You hit the elf zombie.
The elf zombie is severely damaged.
You are fainting from starvation!
You closely miss the elf zombie.
The elf zombie is severely damaged.
The elf zombie hits you.
You die...

##################
..∩...........#..#
..............#.@#
#####.........##Z#
.................#
.................#
..........##.....#
..........##.....#
.................#
.................#
..............#..#


You could see an elf zombie.

Vanquished Creatures
  2 human zombies (Ossuary)
  A big kobold zombie (Ossuary)
  2 hound zombies (Ossuary)
  2 adders (D:2)
  An ooze (D:2)
  2 adder zombies (Ossuary)
  2 leopard geckos
  7 bats
  2 giant cockroaches
  4 hobgoblins (D:1)
  5 jackals (D:1)
  3 kobolds
  A quokka (D:2)
  6 frilled lizards
  5 goblins
  A goblin zombie (Ossuary)
  A hobgoblin zombie (Ossuary)
  2 rats
  A rat zombie (Ossuary)
50 creatures vanquished.

Notes
Turn   | Place    | Note
-------+----------+-------------------------------------------
     0 | D:1      | BritishOli the Demonspawn Monk began the quest for the Orb.
     0 | D:1      | Reached XP level 1. HP: 18/18 MP: 1/1
   300 | D:1      | Gained mutation: You are partially covered in thin metallic
                  | scales. (AC +2) [demonic ancestry]
   300 | D:1      | Reached XP level 2. HP: 22/24 MP: 2/2
   371 | D:1      | Reached skill level 3 in Long Blades
  1009 | D:2      | Gained mutation: You have a pair of small antennae on your
                  | head. [demonic ancestry]
  1009 | D:2      | Reached XP level 3. HP: 24/29 MP: 3/3
  1258 | D:2      | Reached skill level 1 in Armour
  1521 | D:2      | Gained mutation: You are mostly covered in thin metallic
                  | scales. (AC +3) [demonic ancestry]
  1521 | D:2      | Reached XP level 4. HP: 20/35 MP: 4/4
  1744 | D:2      | You fall into a shaft and drop 2 floors!
  1749 | D:4      | Found Doufes's Antique Armour Boutique.
  1753 | D:4      | You fall into a shaft and drop 2 floors!
  1769 | D:6      | Found a hide-covered altar of Uskayaw.
  1785 | D:6      | Noticed a black bear
  1792 | D:6      | Noticed a lemure
  1792 | D:6      | Noticed a lemure
  1792 | D:6      | Noticed a lemure
  1792 | D:6      | Noticed Pikel
  1792 | D:6      | Noticed a lemure
  1796 | D:6      | Found a sand-covered staircase.
  1800 | Ossuary  | Entered an ossuary
  2123 | Ossuary  | Gained mutation: Your flesh is cold resistant. (rC+)
                  | [demonic ancestry]
  2123 | Ossuary  | Reached XP level 5. HP: 41/41 MP: 5/5
  2160 | Ossuary  | Reached skill level 4 in Long Blades
  2211 | Ossuary  | Slain by an elf zombie

Illustrated notes

Levels and vault maps discovered:
D:1:      shiori_arrival_elements, layout_basic
D:2:      layout_rooms, uniq_robin
D:4:      corexii_shantytown, layout_loops_corners, marbit_many_paths,
          nicolae_overflow_hidden_temple, serial_shops, shop
D:6:      layout_gridville, overflow_temple_1_default, kennysheep_mini_moat,
          temple_hall, enter_ossuary_5, minivault_14,
          kennysheep_generic_room_11, uniq_pikel
Ossuary:  ossuary_minmay_tomb_2a

Skill      XL: |  1  2  3  4  5 |
---------------+----------------+-----
Stealth        | 2 |  2.0
Long Blades    | 3 4 |  4.0
Dodging        | 3 |  3.4
Armour         | 1 |  1.7
Fighting       | |  3.7

Action                   |  1- 3 |  4- 6 || total
-------------------------+-------+-------++-------
Melee: Falchion          |   116 |   115 ||   231
  Use: Scroll            |       |     6 ||     6
       Potion            |       |     5 ||     5
 Stab: Sleeping          |     9 |       ||     9
  Eat: Chunk             |     2 |       ||     2
Armor: Robe              |    31 |    57 ||    88
Dodge: Dodged            |   103 |    75 ||   178
       Rpst.: Falchion   |    30 |    21 ||    51

Table legend:
 A = Non-vault XP
 B = Vault XP
 C = Vault XP percentage of total XP
 D = Non-vault monster count
 E = Vault monster count
 F = Vault count percentage of total count
                 A         B        C        D         E       F
            +---------+---------+-------+---------+---------+-------
      Total |      97 |     169 |  63.5 |      40 |      10 |  20.0
            +---------+---------+-------+---------+---------+-------
        D:1 |      38 |       0 |   0.0 |      22 |       0 |   0.0
        D:2 |      59 |       0 |   0.0 |      18 |       0 |   0.0
    Ossuary |       0 |     169 | 100.0 |       0 |      10 | 100.0
            +---------+---------+-------+---------+---------+-------
